[Event "*** Titled Tuesday Blitz"]
[Site "Chess.com"]
[Date "2020.01.07"]
[Round "6"]
[White "StephenDedalus83"]
[Black "Majkelopulos"]
[Result "1-0"]
[WhiteElo "2714"]
[BlackElo "2532"]
[TimeControl "180+2"]
[EndTime "14:23:42 PST"]
[Termination "StephenDedalus83 won by resignation"]

1. g3 d5 2. Bg2 c6 3. d3 Bg4 4. Nd2 Nd7 5. h3 Bh5 6. f4 e6 7. Ngf3 Bc5 8. e4 Bxf3 9. Qxf3 Ne7 10. e5 h5 11. c3 Bb6 12. Nf1 c5 13. Bd2 Qc7 14.
Ne3 g6 15. c4 d4 16. Nc2 Qc6 17. a3 a5 18. O-O Qxf3 19. Bxf3 Ra7 20. b4 h4 21. g4 g5 22. fxg5 Nxe5 23. Be4 O-O 24. Rfb1 axb4 25. axb4 Rxa1 26. Nxa1 f5 27. gxf6 Rxf6 28.
bxc5 Bxc5 29. Kg2 b6 30. Nb3 N7g6 31. Nxc5 bxc5 32. Rb5 Nf4+ 33. Bxf4 Rxf4 34. Rxc5 Nf7 35. Rh5 Nd6 36. Bf3 Kg7 37. Rxh4 e5 38. Rh5 e4 39. Bxe4 Nxe4 40. dxe4 Rxe4 41. Rd5 d3 42. Rxd3 Rxc4 43. Kg3 Rb4 44. h4 Ra4 45. h5 Ra1 46.
Kh4 Ra5 47. Rd4 Rb5 48. g5 Rb1 49. Rd7+ Kg8 50. h6 Ra1 51. Kh5 Ra6 52. g6 Ra5+ 53. Kg4 Ra4+ 54. Kf5 Ra5+ 55. Ke6 Ra6+ 56. Rd6 Ra8 57.
Ke7 Ra7+ 58. Rd7 1-0

[Event "*** Titled Tuesday Blitz"]
[Site "Chess.com"]
[Date "2020.01.07"]
[Round "6"]
[White "snowlord"]
[Black "Federtiu"]
[Result "0-1"]
[WhiteElo "2763"]
[BlackElo "2562"]
[TimeControl "180+2"]
[EndTime "14:23:47 PST"]
[Termination "Federtiu won by resignation"]

1. e4 g6 2. h4 Bg7 3. h5 d5 4. exd5 Qxd5 5. Nc3 Qa5 6. Bc4 Nc6 7. d3 Bf5 8. Bd2 O-O-O 9. h6 Bd4 10. Nf3 Bg4 11. Rh4 Nf6 12. Nb5 Qb6 13. Qe2 a6 14. Rxg4 axb5 15. Bxf7 Nxg4 16. Be6+ Kb8 17. Bxg4 Bxb2 18.
Rb1 Bf6 19. Qe4 Nd4 20. c4 Qa6 21. cxb5 Qxa2 22. Rc1 Rd6 23. Kf1 Nb3 24. Rd1 Qc2 25. Qe2 Qxd3 26. Qxd3 Rxd3 27. Ke2 Rhd8 28. Be6 Rxf3 29. Kxf3 Nd4+ 30. Ke4 Nxe6 31. f4 Nc5+ 32. Kf3 Nb3 33. Ke2 Rxd2+ 34. Rxd2 Nxd2 35. Kxd2 g5 0-1

[Event "*** Titled Tuesday Blitz"]
[Site "Chess.com"]
[Date "2020.01.07"]
[Round "6"]
[White "MikeSailer"]
[Black "Induwara_IM"]
[Result "0-1"]
[WhiteElo "2112"]
[BlackElo "2378"]
[TimeControl "180+2"]
[EndTime "14:23:49 PST"]
[Termination "Induwara_IM won on time"]

1. b4 c6 2. Bb2 Qb6 3. a3 a5 4. e3 axb4 5. Bd4 c5 6. Bxc5 Qf6 7. Bd4 e5 8. axb4 Rxa1 9. Bxa1 Bxb4 10. Nf3 Nc6 11.
Bb5 Nge7 12. O-O O-O 13. d4 d6 14. c3 Ba5 15. Qa4 Bc7 16. Nbd2 Bg4 17. h3 Bh5 18. c4 Bg6 19. Bxc6 bxc6 20. dxe5 dxe5 21. Qa7 Bb8 22. Qd7 Bf5 23. Qb7 Qe6 24. Ng5 Qc8 25. Qxe7 Bg6 26. Ngf3 Re8 27. Qc5 f6 28. Rc1 Qd7 29. Nf1 Ba7 30.
Qa5 h5 31. Qd2 Qe6 32. Rd1 Bf5 33. Qd6 Qxc4 34. N1d2 Qa4 35. Bc3 Qxd1+ 36. Kh2 e4 37. Nd4 Bb8 38. Nxf5 Rd8 39. Ne7+ Kf7 40. Qxb8 Rxb8 41.
Nxc6 Rc8 42. Nxe4 Rxc6 43. Bd4 Qf1 44. Ng3 Qxf2 45. Nxh5 Rc2 46. Nf4 g5 47. e4 Qxf4+ 0-1

[Event "*** Titled Tuesday Blitz"]
[Site "Chess.com"]
[Date "2020.01.07"]
[Round "6"]
[White "Lukianoo"]
[Black "MiroMiljkovic"]
[Result "1-0"]
[WhiteElo "2797"]
[BlackElo "2548"]
[TimeControl "180+2"]
[EndTime "14:23:50 PST"]
[Termination "Lukianoo won by checkmate"]

1. e4 c5 2. Nf3 Nc6 3. c3 Nf6 4. e5 Nd5 5. Bc4 Nb6 6. Bb3 c4 7. Bc2 d6 8. exd6 e5 9. O-O Bxd6 10. b3 O-O 11. bxc4 Nxc4 12. Qe2 Nb6 13. Na3 Re8 14. d3 Nd5 15. Nb5 Bg4 16. Qe4 Nf6 17. Qe3 Bb8 18. Ng5 a6 19. Na3 h6 20. Ne4 Ba7 21. Qg3 Nxe4 22.
dxe4 h5 23. Nc4 Be6 24. Ne3 h4 25. Qf3 Qf6 26. Nf5 Bxf5 27. exf5 e4 28. Bxe4 Ne5 29. Qh3 Nc4 30. Bxb7 Rab8 31. Bf3 Ne5 32. Bf4 Rb5 33.
Be4 Rb2 34. Rae1 Nc4 35. Qd3 Ne5 36. Qd1 Nc4 37. Qh5 Nd2 38. Bg5 Qb6 39. Be3 Qc7 40. Bxd2 Rxd2 41. f6 g6 42. Bxg6 Bxf2+ 43. Kh1 fxg6 44.
Qxg6+ Kf8 45. Rxe8# 1-0

[Event "*** Titled Tuesday Blitz"]
[Site "Chess.com"]
[Date "2020.01.07"]
[Round "6"]
[White "Kosche007"]
[Black "ristingho"]
[Result "0-1"]
[WhiteElo "2372"]
[BlackElo "2520"]
[TimeControl "180+2"]
[EndTime "14:23:50 PST"]
[Termination "ristingho won on time"]

1. e4 c5 2. Nf3 d6 3. d4 cxd4 4. Nxd4 Nf6 5. Nc3 Nc6 6. Bg5 e6 7. Qd2 Be7 8. O-O-O O-O 9. f3 Qb6 10. Be3 Qc7 11. g4 a6 12. g5 Nd7 13. h4 Nde5 14.
Kb1 Nxd4 15. Qxd4 Nxf3 16. Qd3 Ne5 17. Qd2 b5 18. Bd3 Bb7 19. h5 b4 20. Na4 Bc6 21. Nb6 Rab8 22. Nc4 Nxc4 23. Bxc4 Bxe4 24.
Bd3 Bxh1 25. Rxh1 Qc6 26. Qh2 Qf3 27. Bc1 e5 28. g6 h6 29. Rf1 Qd5 30. Qe2 Rbc8 31.
Be4 Qc4 32. Bd3 Qh4 33. gxf7+ Kh8 34. Qg2 e4 35. Bxe4 d5 36. Bf5 Rc6 37. Bg6 Qd4 38.
Bd3 a5 39. Rg1 a4 40. b3 a3 41. Rf1 Rf6 0-1

[Event "*** Titled Tuesday Blitz"]
[Site "Chess.com"]
[Date "2020.01.07"]
[Round "6"]
[White "LimeInTheCoconut"]
[Black "Alex_Molchanov"]
[Result "1-0"]
[WhiteElo "2462"]
[BlackElo "2568"]
[TimeControl "180+2"]
[EndTime "14:23:54 PST"]
[Termination "LimeInTheCoconut won by checkmate"]

1. e4 c6 2. d4 d5 3. exd5 cxd5 4. Bd3 Nc6 5. c3 Qc7 6. h3 e5 7. dxe5 Nxe5 8. Nf3 Nxd3+ 9. Qxd3 Be6 10. O-O Nf6 11. Nbd2 Bc5 12. Nb3 Bb6 13. Be3 O-O 14. Bxb6 Qxb6 15. Nfd4 Ne4 16. Rfe1 Rae8 17. f3 Nd6 18. Qd2 Nc4 19. Qf2 Bc8 20. Re2 h6 21. Rae1 Rxe2 22. Rxe2 Qg6 23. Kh2 Qa6 24. Nc1 Qb6 25.
Nd3 Qf6 26. Qg3 Qa6 27. a3 Nxa3 28. Nb4 Qc4 29. bxa3 Qxc3 30. Nbc2 b5 31. f4 Qc5 32.
f5 a5 33. f6 g6 34. Qe5 b4 35. axb4 axb4 36. Nb3 Qc4 37. Ncd4 Ba6 38. Qe7 Qc3 39.
Rc2 Qd3 40. Rc6 h5 41. Rb6 h4 42. Qxf8+ Kxf8 43. Rb8+ Bc8 44. Rxc8# 1-0

[Event "*** Titled Tuesday Blitz"]
[Site "Chess.com"]
[Date "2020.01.07"]
[Round "6"]
[White "vovachesss"]
[Black "Bad4life"]
[Result "1-0"]
[WhiteElo "2577"]
[BlackElo "2336"]
[TimeControl "180+2"]
[EndTime "14:23:55 PST"]
[Termination "vovachesss won by checkmate"]

1. e4 c5 2. d4 cxd4 3. c3 Qa5 4. Nf3 Nc6 5. Bc4 e6 6. O-O d5 7. exd5 exd5 8. Re1+ Be6 9. Bb3 Nf6 10. Ng5 Bc5 11. Nxe6 fxe6 12. Rxe6+ Kf7 13. Rxf6+ gxf6 14. Qh5+ Ke7 15.
Bf4 Bd6 16. Bxd6+ Kxd6 17. Na3 Rae8 18. Bxd5 Kc7 19. Nc4 Qc5 20. b4 Qe7 21. h3 d3 22.
Bxc6 Kxc6 23. Qa5 Qc7 24. Qc5+ Kd7 25. Qd5+ Ke7 26. Qxd3 Kf7 27. Ne3 Re6 28. Rd1 Kg7 29. Nf5+ Kf8 30. Qd5 Rc6 31. Qd8+ Qxd8 32. Rxd8+ Kf7 33.
Rxh8 Rxc3 34. Nd6+ Kg6 35. Rg8+ Kh6 36. Nf5+ Kh5 37.
g4# 1-0

[Event "*** Titled Tuesday Blitz"]
[Site "Chess.com"]
[Date "2020.01.07"]
[Round "6"]
[White "Hikaru"]
[Black "maciek_92"]
[Result "1-0"]
[WhiteElo "3126"]
[BlackElo "2814"]
[TimeControl "180+2"]
[EndTime "14:23:56 PST"]
[Termination "Hikaru won on time"]

1. e4 c5 2. Nf3 d6 3. Nc3 Nc6 4. Bb5 Bd7 5. Bxc6 Bxc6 6. d4 cxd4 7. Qxd4 Nf6 8. Bg5 e6 9. O-O-O Be7 10. Qd3 Qa5 11. h4 h6 12. Bxf6 Bxf6 13. Nd4 Rc8 14. f4 h5 15. g3 O-O 16. Rhe1 Rfd8 17. Kb1 Be8 18. Qf3 b5 19. e5 dxe5 20. fxe5 Be7 21.
g4 Rc4 22. Nb3 Qc7 23. Rxd8 Qxd8 24. gxh5 Rxh4 25. Rg1 Bg5 26. Rd1 Qc7 27. Qg3 Rxh5 28. Ne4 Bh4 29. Qf3 Rxe5 30. Qf4 Bc6 31. Qxh4 Bd5 32. Nc3 g5 33. Qh6 Bxb3 34. axb3 Rf5 35.
Ne4 1-0

[Event "*** Titled Tuesday Blitz"]
[Site "Chess.com"]
[Date "2020.01.07"]
[Round "6"]
[White "Chesscoach_Golichenko"]
[Black "AlexTriapishko"]
[Result "0-1"]
[WhiteElo "2548"]
[BlackElo "2837"]
[TimeControl "180+2"]
[EndTime "14:23:56 PST"]
[Termination "AlexTriapishko won by resignation"]

1. d4 Nf6 2. c4 g6 3. Nc3 d5 4. cxd5 Nxd5 5. e4 Nxc3 6. bxc3 Bg7 7. Bc4 c5 8. Ne2 Nc6 9. Be3 O-O 10. O-O b6 11. Qd2 Na5 12. Bd3 e5 13. Bh6 exd4 14.
Bxg7 Kxg7 15. cxd4 cxd4 16. f4 f6 17. f5 Nc6 18. Nf4 Ne5 19. fxg6 hxg6 20. h3 Qd6 21. Rf2 Bb7 22. Raf1 Rac8 23. h4 Rc3 24. Be2 Bxe4 25. h5 g5 26. Nh3 Rxh3 27. gxh3 d3 28. Bd1 Nc4 29. h6+ Kxh6 30. Rxf6+ Rxf6 31. Rxf6+ Qxf6 32. Qe1 Qd4+ 33. Kh2 Qe5+ 34. Kg1 d2 35. Qe2 Qg3+ 36.
Kf1 Ne3+ 0-1

[Event "*** Titled Tuesday Blitz"]
[Site "Chess.com"]
[Date "2020.01.07"]
[Round "6"]
[White "xamax2000"]
[Black "Alexander_Moskalenko"]
[Result "0-1"]
[WhiteElo "2648"]
[BlackElo "2817"]
[TimeControl "180+2"]
[EndTime "14:23:57 PST"]
[Termination "Alexander_Moskalenko won by resignation"]

1. e4 e5 2. Nf3 Nc6 3. Bb5 Nf6 4.
d3 Bc5 5. Bxc6 dxc6 6. O-O Nd7 7. c3 O-O 8. d4 Bd6 9. Bg5 Qe8 10. Nbd2 f6 11. Bh4 b6 12. Re1 a5 13. Nc4 Qf7 14.
Nxd6 cxd6 15. dxe5 dxe5 16. Qd6 Bb7 17. Rad1 Nc5 18. b3 Ne6 19. Qd3 Rfd8 20. Qc2 c5 21. Rxd8+ Rxd8 22. Nxe5 fxe5 23. Bxd8 Nxd8 24. Qd3 Qe7 25.
Rd1 Nf7 26. f3 Bc6 27. Qa6 Qc7 28. Qc4 Kf8 29. Qe6 Be8 30. Qf5 g6 31. Qh3 h5 32.
Qe6 Qc6 33. Qc4 Ke7 34. Qd3 Nd6 35. Qd2 Nf7 36. Qd3 Bd7 37. Qa6 Be6 38. Qa7+ Kf6 39.
Qb8 c4 40. bxc4 Bxc4 41. Kh1 Bxa2 42. Qf8 Bb3 43. Rf1 Bc4 44. Re1 Qd6 45. Qc8 b5 46. f4 a4 47. fxe5+ Qxe5 48. Qf8 Qxc3 49. e5+ Kg5 50. Qe7+ Kh6 51. Qf8+ Kh7 52. Rf1 Qxe5 0-1

[Event "*** Titled Tuesday Blitz"]
[Site "Chess.com"]
[Date "2020.01.07"]
[Round "6"]
[White "luis-garcia"]
[Black "shanemelaughcm"]
[Result "0-1"]
[WhiteElo "2141"]
[BlackElo "2284"]
[TimeControl "180+2"]
[EndTime "14:23:59 PST"]
[Termination "shanemelaughcm won by resignation"]

1. d4 e6 2. c4 f5 3. e4 fxe4 4. Nc3 Nf6 5. Bg5 Bb4 6. Qc2 O-O 7.
f3 Nc6 8. O-O-O Bxc3 9. Qxc3 d5 10. fxe4 Nxe4 11. Bxd8 Nxc3 12. bxc3 Rxd8 13. cxd5 exd5 14. Nf3 Bg4 15. h3 Bxf3 16. gxf3 Rf8 17. Bg2 Rae8 18. f4 Ne7 19. Rhf1 c6 20. Rd2 Nf5 21. Rdf2 Ne3 22. Rg1 Nxg2 23. Rgxg2 Re3 24. Kd2 Rfe8 25. f5 Kf7 26. h4 Rh3 27. Rg4 Ree3 28. f6 Rd3+ 29. Ke2 Rhe3+ 30. Kf1 gxf6 31. Rgf4 Re6 32. R4f3 Rxf3 33.
Rxf3 Re4 34. Rh3 Ke6 35. Kf2 Kf5 36. h5 Rf4+ 37. Ke2 Rg4 38. h6 Kg5 39. Rf3 f5 40. Ke3 Re4+ 41. Kd3 f4 42. Rh3 Re3+ 43. Rxe3 fxe3 44.
Kxe3 Kxh6 45. Kf4 Kg6 46. Ke5 h5 47. Kf4 b6 48. Kg3 Kg5 49. Kf3 Kf5 50. a4 a5 51. Ke3 Kg4 52. Ke2 h4 53. Kf2 h3 54.
Kg1 Kf3 55. Kh2 Ke3 56. Kxh3 Kd3 57. c4 Kxc4 0-1

[Event "*** Titled Tuesday Blitz"]
[Site "Chess.com"]
[Date "2020.01.07"]
[Round "6"]
[White "Sebastian"]
[Black "Misi_95"]
[Result "1-0"]
[WhiteElo "2951"]
[BlackElo "2711"]
[TimeControl "180+2"]
[EndTime "14:24:00 PST"]
[Termination "Sebastian won by checkmate"]

1. e4 c5 2. Nf3 d6 3. d4 cxd4 4. Nxd4 Nf6 5. Nc3 Nc6 6. Bg5 e6 7. Qd2 a6 8. O-O-O Be7 9. f3 Qc7 10. Kb1 h6 11. Be3 Nxd4 12. Qxd4 b5 13. g4 e5 14. Qd2 Be6 15. h4 Rb8 16. Be2 b4 17.
Nd5 Bxd5 18. exd5 a5 19. g5 hxg5 20. hxg5 Rxh1 21. Rxh1 Nd7 22. f4 Bf8 23. g6 f6 24.
Bg4 a4 25. Qd3 b3 26. cxb3 axb3 27. a3 Nc5 28. Qf5 Qd7 29. Qh5 Qb7 30. Rd1 Qc7 31. Qf5 Qd7 32. Qh5 Qa4 33. Bxc5 Qe4+ 34. Ka1 dxc5 35. d6 c4 36. Qh3 Rd8 37. d7+ Ke7 38. Qc3 f5 39. Qb4+ Kf6 40. Qb6+ Ke7 41. Qd6# 1-0

[Event "*** Titled Tuesday Blitz"]
[Site "Chess.com"]
[Date "2020.01.07"]
[Round "6"]
[White "nubair1198"]
[Black "Rud_Makarian"]
[Result "1/2-1/2"]
[WhiteElo "2910"]
[BlackElo "2671"]
[TimeControl "180+2"]
[EndTime "14:24:00 PST"]
[Termination "Game drawn by repetition"]

1. d4 Nf6 2. c4 g6 3. Nc3 Bg7 4. e4 O-O 5. Nf3 d6 6. Be2 e5 7. O-O Nc6 8. d5 Ne7 9. b4 a5 10. bxa5 Ne8 11. a4 c5 12. Ra3 h6 13. Nb5 f5 14.
Nh4 Nf6 15. exf5 gxf5 16. f4 e4 17. Bb2 Kh7 18. Kh1 Rxa5 19. h3 Ne8 20. Bxg7 Nxg7 21. Qe1 Ra6 22. g4 Bd7 23. Rg1 Bxb5 24. cxb5 Ra8 25. gxf5 Nexf5 26. Ng6 Rf6 27. Nh4 Rf8 28. Nxf5 Nxf5 29. Bh5 Rg8 30. Qxe4 Qf6 31. Rxg8 Rxg8 32. Bg4 Rxg4 33. hxg4 Qh4+ 34. Kg2 Qxg4+ 35. Kf1 Qd1+ 36. Kf2 Qd2+ 37. Kg1 Qc1+ 38. Kg2 Qb2+ 39. Kg1 Qc1+ 40. Kf2 Qb2+ 41. Kg1 Qc1+ 1/2-1/2

[Event "*** Titled Tuesday Blitz"]
[Site "Chess.com"]
[Date "2020.01.07"]
[Round "6"]
[White "VeraNebolsina"]
[Black "PNEPaul"]
[Result "1-0"]
[WhiteElo "2356"]
[BlackElo "1827"]
[TimeControl "180+2"]
[EndTime "14:24:02 PST"]
[Termination "VeraNebolsina won on time"]

1. e4 e5 2. Nf3 Nc6 3. Bb5 f5 4. Nc3 Nf6 5. d3 Be7 6. O-O d6 7. a3 O-O 8. Bc4+ Kh8 9. Ng5 Qe8 10. f4 h6 11. Ne6 Bxe6 12. Bxe6 fxe4 13. dxe4 exf4 14.
Bxf4 Ne5 15. Qd2 Bd8 16. Bb3 Ng6 17. Bxh6 Nxe4 18. Nxe4 Qxe4 19. Rxf8+ Nxf8 20. Rf1 Ng6 21. Qc3 Qe5 22. Qh3 Qd4+ 23. Be3+ Qh4 24. Qd7 Bg5 25. Bf2 Qf4 26. Qxc7 Rf8 27. Qxb7 Nh4 28. Qb5 Rf5 29.
Qb8+ Kh7 30. Qg8+ Kg6 31. Qe6+ Rf6 32. Qe8+ Kh7 33. Qh5+ Bh6 34. Qe2 Nf5 35. Qd3 1-0

[Event "*** Titled Tuesday Blitz"]
[Site "Chess.com"]
[Date "2020.01.07"]
[Round "6"]
[White "KerryStead"]
[Black "garfield_pg"]
[Result "1/2-1/2"]
[WhiteElo "2101"]
[BlackElo "2310"]
[TimeControl "180+2"]
[EndTime "14:24:06 PST"]
[Termination "Game drawn by repetition"]

1. d4 Nf6 2. f3 g6 3. e4 d6 4. Be3 Bg7 5. Qd2 O-O 6. Bc4 c6 7. a4 a6 8. Bb3 Nbd7 9. Ne2 e5 10.
c3 Qc7 11. O-O Re8 12. Bh6 Bh8 13. Ng3 Ra7 14. Na3 b5 15. axb5 axb5 16. Nc2 Rxa1 17. Rxa1 Bb7 18. Ne3 Ra8 19. Rxa8+ Bxa8 20. h4 Qb6 21. h5 b4 22. hxg6 hxg6 23. Nc4 Qc7 24. dxe5 dxe5 25. Qg5 Bg7 26. Bxg7 Kxg7 27. Nf5+ Kg8 28.
Nh6+ Kg7 29. Nxf7 Kxf7 30. Nxe5+ Ke7 31. Nxd7 Qxd7 32. e5 Qf5 33. exf6+ Qxf6 34. Qc5+ Qd6 35. Qe3+ Kf6 36. cxb4 Qxb4 37. Qe6+ Kg7 38. Qg8+ Kh6 39. Bf7 Qe1+ 40. Kh2 Qh4+ 41. Kg1 Qe1+ 42. Kh2 Qh4+ 43. Kg1 Qe1+ 1/2-1/2

[Event "*** Titled Tuesday Blitz"]
[Site "Chess.com"]
[Date "2020.01.07"]
[Round "6"]
[White "vlad_Sid"]
[Black "Vegan4future"]
[Result "0-1"]
[WhiteElo "2585"]
[BlackElo "2448"]
[TimeControl "180+2"]
[EndTime "14:24:12 PST"]
[Termination "Vegan4future won on time"]

1. c4 e5 2. g3 Nc6 3. Bg2 Bc5 4. Nc3 d6 5. e3 Bf5 6. Nge2 Bd3 7. O-O Nge7 8. b3 Nb4 9. Bb2 Bc2 10. Qc1 Bg6 11.
d4 Nd3 12. Qd2 Bb4 13. a3 Nxb2 14. axb4 Nd3 15. Bxb7 Rb8 16. Bg2 exd4 17. exd4 Nxb4 18. Rxa7 O-O 19. Nb5 c6 20. Qxb4 cxb5 21. cxb5 Bd3 22. Re1 Bxb5 23. Qc3 Rc8 24. Qd2 Nc6 25. Ra2 Qb6 26.
d5 Ne5 27. Nd4 Bd7 28. f4 Ng4 29. h3 Nf6 30. Kh2 Rc5 31. Nc6 Nxd5 32. b4 Rxc6 33. Bxd5 Rcc8 34. Re7 Bc6 35. Bb3 Ba8 36. Raa7 Qc6 37.
Rxa8 Qxa8 38. Qxd6 Qf3 39. Bd5 Qf2+ 40. Kh1 Rc1+ 0-1

[Event "*** Titled Tuesday Blitz"]
[Site "Chess.com"]
[Date "2020.01.07"]
[Round "6"]
[White "VincentKeymer"]
[Black "GMKrikor"]
[Result "1-0"]
[WhiteElo "2708"]
[BlackElo "2860"]
[TimeControl "180+2"]
[EndTime "14:24:21 PST"]
[Termination "VincentKeymer won on time"]

1. Nf3 c5 2. b3 d6 3. Bb2 e5 4. e4 Nf6 5. Bb5+ Nc6 6. Qe2 g6 7. O-O Bg7 8. a4 O-O 9. Bxc6 bxc6 10. d3 Nh5 11. Nbd2 f5 12. c3 Nf4 13. Qe3 Bh6 14. Kh1 Kg7 15. Qe1 Nxd3 16. Qb1 fxe4 17. Nxe4 Nxb2 18. Qxb2 Bg4 19. Nfd2 Qe7 20. f3 Be6 21. c4 Be3 22. Rae1 Bd4 23. Qc1 Rab8 24. Ng3 Qf7 25. Ne2 Bf5 26. Nxd4 cxd4 27. c5 Bd3 28. Rg1 Qd5 29. cxd6 Qxd6 30. Nc4 Bxc4 31. Qxc4 Rb4 32.
Qd3 Qd5 33. Qa6 Rf7 34. Rc1 Qxb3 35. Qxc6 Qxa4 36. Qd6 Rb5 37. Rc7 Qb3 38. Rgc1 Kh6 39. h4 Qe3 40. Rxf7 Qxc1+ 41. Kh2 Qc8 42. Qe7 1-0

[Event "*** Titled Tuesday Blitz"]
[Site "Chess.com"]
[Date "2020.01.07"]
[Round "6"]
[White "Incognito_Knight"]
[Black "Firouzja2003"]
[Result "1/2-1/2"]
[WhiteElo "2761"]
[BlackElo "3049"]
[TimeControl "180+2"]
[EndTime "14:24:23 PST"]
[Termination "Game drawn by agreement"]

1. d4 Nf6 2. c4 g6 3. Nc3 Bg7 4. e4 d6 5. Be2 O-O 6. Be3 e5 7. d5 a5 8. g4 Na6 9. h4 Nc5 10. f3 h5 11. g5 Nh7 12. Qd2 f6 13. O-O-O fxg5 14. hxg5 a4 15. Nh3 Bxh3 16. Rxh3 Rf4 17. Rg1 Qe7 18. Kc2 Raf8 19. Rhg3 b6 20. Bxc5 bxc5 21.
Nxa4 h4 22. Rg4 Rxg4 23. Rxg4 Rf4 24. Rxf4 exf4 25. Qxf4 Qxg5 26. Qxg5 Nxg5 27. f4 Nh3 28. Bf3 Nxf4 29. Nc3 h3 30. a4 g5 31. a5 Ng2 32.
Bxg2 Bxc3 33. Bxh3 Bxa5 34. Kd3 Kg7 35. e5 dxe5 36.
Ke4 Kf6 37. Bg4 Be1 38. b3 Bg3 39. Bh3 Bf4 40. Bg4 Ke7 41. Bh3 Kf7 42. Bg4 Kg6 43. Bf3 Kg7 44. Bg4 Kf8 45. Bf3 Ke7 46. Bg4 Kd6 47. Kd3 c6 48. Ke4 cxd5+ 49. cxd5 Bd2 50. Bf3 Ba5 51. Bg4 Bd8 52. Bf3 Bf6 53. Bg4 Kc7 54. Kf5 Bg7 55. Kxg5 Kd6 56. Bf3 1/2-1/2

[Event "*** Titled Tuesday Blitz"]
[Site "Chess.com"]
[Date "2020.01.07"]
[Round "6"]
[White "Supernotar"]
[Black "Alopekos"]
[Result "1-0"]
[WhiteElo "2552"]
[BlackElo "2417"]
[TimeControl "180+2"]
[EndTime "14:24:23 PST"]
[Termination "Supernotar won by resignation"]

1. d4 Nf6 2. c4 e6 3. Nf3 d5 4. e3 c5 5. dxc5 Bxc5 6. a3 a6 7.
b4 Bd6 8. Bb2 O-O 9. Nbd2 Nc6 10. Be2 Qe7 11. O-O Rd8 12. Qb3 Bd7 13. Rac1 Rac8 14. Rfd1 h6 15. h3 Bb8 16. cxd5 exd5 17. Nd4 Ba7 18. N2f3 Ne4 19. Nxc6 Bxc6 20. Nd4 Bd7 21.
Rxc8 Bxc8 22. Bf3 Bb8 23. g3 h5 24. Bxh5 Bxh3 25. Bf3 Bc8 26. Kg2 Qg5 27. Ne2 Bg4 28. Bxg4 Qxg4 29. f3 Qh5 30. Rh1 Qg6 31. fxe4 Qxe4+ 32.
Kg1 Ba7 33. Bd4 Bxd4 34. Nxd4 Rc8 35. Rh4 Rc1+ 36. Kf2 Qe5 37. Qb2 Rc8 38. Qb1 g6 39.
Qh1 Rc3 40. Qf3 Rxa3 41. Rf4 Ra2+ 42. Kg1 Ra1+ 43. Kf2 Ra2+ 44. Ne2 Qe7 45. Qxd5 Rb2 46. Qd4 Rc2 47. Rh4 f6 48. Re4 Qc7 49. Qxf6 Qf7 50. Qxf7+ Kxf7 51. Rd4 Ke6 52. Kf3 Rb2 53. Nf4+ Kf6 54.
Rd6+ Kf7 55. Rb6 1-0

[Event "*** Titled Tuesday Blitz"]
[Site "Chess.com"]
[Date "2020.01.07"]
[Round "6"]
[White "Sven_Tica"]
[Black "spectralsoul"]
[Result "0-1"]
[WhiteElo "2661"]
[BlackElo "2877"]
[TimeControl "180+2"]
[EndTime "14:24:27 PST"]
[Termination "spectralsoul won by resignation"]

1. d4 g6 2. c4 Bg7 3. g3 Nf6 4. Bg2 O-O 5. Nf3 d6 6. O-O c6 7.
Nc3 Nbd7 8. e4 e5 9. h3 Qb6 10.
Re1 Re8 11. d5 cxd5 12. cxd5 Nc5 13. Rb1 a5 14. Be3 Bd7 15. Nd2 Rec8 16. Bf1 Qd8 17. a4 h5 18. Nc4 Bf8 19. b4 axb4 20.
Rxb4 Ra6 21. a5 Rc7 22. Qb1 h4 23. g4 Nh7 24. f4 exf4 25. Bxf4 Qf6 26. Qc1 Rc8 27.
e5 dxe5 28. Bxe5 Qd8 29. Nb6 Rxa5 30. Nxc8 Bxc8 31. Rb5 Rxb5 32. Bxb5 Ng5 33. Kg2 f5 34. Qf4 Nf7 35. Bc4 Kh7 36. gxf5 Bxf5 37. d6 Nxe5 38.
Qxe5 Bxd6 39. Qd5 Qg5+ 40. Kh1 Qg3 41. Qd2 Qxh3+ 42. Kg1 Qg3+ 43. Kh1 Bg4 44. Bd5 Nd3 45. Rf1 Nf4 46. Ne4 Bf3+ 47. Rxf3 Qxf3+ 48. Kg1 Ne2+ 0-1

[Event "*** Titled Tuesday Blitz"]
[Site "Chess.com"]
[Date "2020.01.07"]
[Round "6"]
[White "korbul"]
[Black "Dynamikus"]
[Result "0-1"]
[WhiteElo "2598"]
[BlackElo "2565"]
[TimeControl "180+2"]
[EndTime "14:24:27 PST"]
[Termination "Dynamikus won by resignation"]

1. d4 d5 2. Nf3 c6 3. Bf4 Nf6 4. e3 Bf5 5. c4 e6 6. Nc3 Nbd7 7.
h3 Be7 8. Qb3 Qc8 9. Be2 O-O 10.
O-O Nb6 11. c5 Nbd7 12. Qd1 Ne4 13. Nxe4 Bxe4 14. b4 Bxf3 15. Bxf3 Re8 16. a4 Bf6 17. Bd6 Be7 18. Bg3 g6 19. b5 Bf8 20. Rb1 e5 21. a5 a6 22. bxc6 bxc6 23. Bg4 Bg7 24. Rb6 f5 25. Be2 Nxb6 26. cxb6 f4 27. exf4 exd4 28. Bg4 Qb7 29. f5 c5 30. fxg6 hxg6 31. Bf3 Qc6 32. Qb1 c4 33. Qb4 Be5 34. Bxe5 Rxe5 35. Qd2 d3 36. Qf4 Rae8 37. Qd4 Qb5 38. g3 Qxa5 39. Kg2 Qb5 40. Ra1 R8e6 41. Bg4 Re7 42. Ra2 Kh7 43. Rb2 Qe8 44. b7 Qb8 45.
Qb6 c3 46. Rb3 c2 47. Rc3 Qxb7 48. Qf6 d4+ 49. Bf3 Qxf3+ 50. Qxf3 dxc3 51. Qf4 d2 52. Qh4+ Kg7 0-1

[Event "*** Titled Tuesday Blitz"]
[Site "Chess.com"]
[Date "2020.01.07"]
[Round "6"]
[White "Borsuk_Konstantin"]
[Black "TwentyHourADay"]
[Result "0-1"]
[WhiteElo "2480"]
[BlackElo "2244"]
[TimeControl "180+2"]
[EndTime "14:24:28 PST"]
[Termination "TwentyHourADay won by resignation"]

1. d4 Nf6 2. c4 e6 3. Nc3 Bb4 4. Qc2 O-O 5. a3 Bxc3+ 6. Qxc3 Qe8 7. f3 d6 8. Bg5 Nbd7 9. e4 e5 10. d5 c6 11. Ne2 a5 12. Rd1 cxd5 13. cxd5 h6 14.
Bh4 Nh5 15. Qc7 g5 16. Bf2 f5 17. Nc3 Ndf6 18. Qxd6 fxe4 19. fxe4 Bg4 20. Rd2 Rd8 21. Qb6 Rc8 22. h3 Bd7 23. Qe3 b5 24. b4 axb4 25.
axb4 Rxc3 26. Qxc3 Nxe4 27. Qe3 Nxd2 28. Qxd2 e4 29. g3 Qe5 30. Qd4 Qxd4 31. Bxd4 Nxg3 32. Rg1 Rxf1+ 33. Rxf1 Nxf1 34. Kxf1 Bxh3+ 35. Kf2 Bf5 36. Ke3 Kf7 37. d6 Ke6 38. Bg7 h5 39. Bh6 Kf6 40.
Bf8 h4 41. Be7+ Kg6 42. d7 Bxd7 43.
Kxe4 Bf5+ 44. Kf3 Bd3 45. Kf2 Kf5 46. Ke3 Bc4 47. Kf2 Kg4 48. Kg2 Bd5+ 49. Kh2 Kh5 50. Kg1 g4 51. Bd8 g3 0-1

[Event "*** Titled Tuesday Blitz"]
[Site "Chess.com"]
[Date "2020.01.07"]
[Round "6"]
[White "hansen"]
[Black "Heineccius"]
[Result "1-0"]
[WhiteElo "2871"]
[BlackElo "2656"]
[TimeControl "180+2"]
[EndTime "14:24:29 PST"]
[Termination "hansen won on time"]

1. e4 c5 2. Nf3 e6 3. d4 cxd4 4. Nxd4 a6 5. Bd3 Bc5 6. Nb3 Be7 7. Qg4 g6 8. O-O d6 9. Qe2 Nd7 10. a4 b6 11. Na3 Ne5 12. Nc4 Nxc4 13. Bxc4 Bb7 14. Rd1 Qc7 15. Bf4 e5 16. Be3 Nf6 17.
f3 O-O 18. Bg5 Rfc8 19. Nd2 b5 20. Bb3 Bc6 21. a5 Nh5 22. Be3 Nf4 23. Qf2 Bf6 24. Nf1 Ne6 25. Bb6 Qe7 26. Ne3 Nf4 27. Rd2 Bh4 28. Qf1 Bg5 29. Rad1 Rab8 30. Qe1 Rd8 31. Bxd8 Rxd8 32. g3 Ne6 33. Bd5 Qa7 34. Kf2 Bxd5 35.
Rxd5 Rc8 36. c3 Qc7 37. h4 Bh6 38. Rxd6 Qxa5 39. Nd5 Bf8 40. Rd7 b4 41. cxb4 Qb5 42. Qe2 Qa4 43. Nb6 1-0

[Event "*** Titled Tuesday Blitz"]
[Site "Chess.com"]
[Date "2020.01.07"]
[Round "6"]
[White "Glufs"]
[Black "fish7728"]
[Result "1-0"]
[WhiteElo "2360"]
[BlackElo "2129"]
[TimeControl "180+2"]
[EndTime "14:24:30 PST"]
[Termination "Glufs won by resignation"]

1. Nf3 d5 2. g3 e6 3. Bg2 c5 4. c4 Nc6 5. O-O Nge7 6. d4 cxd4 7. Nxd4 Nxd4 8. Qxd4 Nc6 9. Qc3 dxc4 10. Qxc4 Qc7 11. Nc3 a6 12. Bf4 Bd6 13. Bxd6 Qxd6 14. Rfd1 Qc7 15. Bxc6+ Qxc6 16. Qxc6+ bxc6 17. Ne4 Ke7 18. Nc5 Rd8 19. Rxd8 Kxd8 20. Kf1 Ke7 21. Ke1 a5 22.
Kd2 Rb8 23. Kc3 Rb5 24. Nb3 a4 25. Nd4 Rb6 26. f4 Ba6 27. e4 f6 28. b4 axb3 29. axb3 c5 30. Nc2 Kd6 31. Ne3 Kc6 32. Rd1 Rb4 33. Nc4 Bxc4 34. bxc4 Kc7 35. Ra1 Rb7 36. Ra5 Kd6 37. Ra6+ Kd7 38. g4 g6 39. h4 e5 40. f5 gxf5 41. gxf5 Ke7 42. Re6+ Kf7 43. Rc6 Rd7 44. Rxc5 Rd4 45. Rc7+ Kg8 46. c5 Rxe4 47. c6 Re1 48. Kc4 e4 49. Rd7 e3 50. c7 Rc1+ 51.
Kd3 1-0